 Dungeon Crawl Stone Soup version 0.32-a0-675-gdc239d62e1 (webtiles) character file.

Game seed: 17300418127162042096

136619 Mesmaeker13 the Warrior (level 17, 0/146 HPs)
             Began as a Barachi Hunter on Mar 9, 2024.
             Was a High Priest of Okawaru.
             Slain by a naga warrior
             ... wielding a +0 trident
              (36 damage)
             ... on level 4 of the Snake Pit on Mar 11, 2024.
             The game lasted 01:41:25 (27235 turns).

Mesmaeker13 the Warrior (Barachi Hunter)           Turns: 27235, Time: 01:41:25

Health: 0/146      AC: 20    Str: 11    XL:     17   Next: 22%
Magic:  25/25      EV: 11    Int: 15    God:    Okawaru [*****.]
Gold:   2330       SH:  0    Dex: 24    Spells: 14/16 levels left

rFire   + . .        a - +8 arbalest of Regicide {drain, rElec Str-2 Dex+3 Stlth+}
rCold   . . .        (shield currently unavailable)
rNeg    . . .        J - +1 leather armour {rPois}
rPois   +            b - +2 helmet of the Wumpus {Int+3}
rElec   +            A - +2 cloak {rCorr}
rCorr   +            Q - +2 pair of gloves
SInv    .            v - +2 pair of boots {Stlth+}
Will    +....        e - amulet of regeneration
Stlth   ++++         C - +5 ring of evasion
HPRegen 1.24/turn    P - ring of protection from fire
MPRegen 0.19/turn

%: no passive effects
@: lethally poisoned (0 -> -8), slowed, constricted, very slow
A: amphibious, slowness 1, strong legs 2, +LOS
a: Hop, Renounce Religion, Heroism, Finesse, Duel


You were on level 4 of the Snake Pit.
You worshipped Okawaru.
Okawaru was extremely pleased with you.
You visited 5 branches of the dungeon, and saw 27 of its levels.
You also visited: Ice Cave.

You collected 2796 gold pieces.
You spent 466 gold pieces at shops.

Inventory:

Hand Weapons
 a - the +8 arbalest of Regicide (weapon) {drain, rElec Str-2 Dex+3 Stlth+}
   (Okawaru gifted it to you on level 3 of the Lair of Beasts)

   Str-2:     It affects your strength (-2).
   Dex+3:     It affects your dexterity (+3).
   rElec:     It insulates you from electricity.
   Stlth+:    It makes you more stealthy.
 k - a +1 great sword of flaming
Missiles
 d - 3 curare-tipped darts
 f - 14 javelins
Armour
 b - the +2 helmet of the Wumpus (worn) {Int+3}
   (Okawaru gifted it to you on level 4 of the Lair of Beasts)

   Int+3:     It affects your intelligence (+3).
 o - a +2 tower shield of fire resistance
 p - a +1 chain mail of cold resistance
 v - a +2 pair of boots of stealth (worn)
 A - a +2 cloak of preservation (worn)
 J - a +1 leather armour of poison resistance (worn)
 O - a +1 leather armour of fire resistance
 Q - a +2 pair of gloves (worn)
 S - a +2 buckler
 V - +0 acid dragon scales
Jewellery
 e - an amulet of regeneration (around neck)
 l - a ring of see invisible
 C - a +5 ring of evasion (left hand)
 L - a ring of resist corrosion
 M - a ring of protection from cold
 P - a ring of protection from fire (right hand)
 T - an amulet of reflection
Talismans
 n - the serpent talisman of Ocurchin {rC- Dex+8 Stlth-}
   (You took it off Aizul on level 1 of the Snake Pit)

   [serpent talisman]

   Dex+8:     It affects your dexterity (+8).
   rC-:       It makes you vulnerable to cold.
   Stlth-:    It makes you less stealthy.
Wands
 m - a wand of flame (19)
 r - a wand of roots (3)
 y - a wand of charming (36)
 D - a wand of mindburst (8)
 K - a wand of digging (5)
 Y - a wand of light (3)
Scrolls
 g - 6 scrolls of teleportation
 i - 2 scrolls of fog
 t - 5 scrolls of poison
 u - a scroll of silence
 w - a scroll of revelation
 x - 2 scrolls of amnesia
 G - a scroll of enchant weapon
 I - 6 scrolls of blinking
Potions
 c - a potion of enlightenment {unknown}
 h - 9 potions of curing
 j - 2 potions of heal wounds
 q - 2 potions of haste {unknown}
 s - a potion of attraction {unknown}
 z - a potion of magic {unknown}
 B - 3 potions of mutation {unknown}
 E - a potion of cancellation {unknown}
 F - a potion of lignification {unknown}
 H - 3 potions of invisibility
 N - 2 potions of berserk rage {unknown}
 R - 5 potions of brilliance {unknown}
 X - 5 potions of might


   Skills:
 - Level 16.7 Fighting
 + Level 13.7 Long Blades
 + Level 15.4 Ranged Weapons
 - Level 15.3 Armour
 - Level 6.1 Dodging
 - Level 0.8 Stealth
 + Level 6.8 Translocations
 + Level 11.2 Invocations
 + Level 6.7 Evocations


You had 14 spell levels left.
You knew the following spells:

 Your Spells              Type           Power      Damage    Failure   Level
a - Blink                 Tloc           40%        N/A       3%          2

Your spell library contained the following spells:

 Spells                   Type           Power      Damage    Failure   Level
 Apportation              Tloc           40%        N/A       1%          1
 Lesser Beckoning         Tloc           40%        N/A       3%          2
 Momentum Strike          Conj/Tloc      20%        3d8       12%         2
 Passage of Golubria      Tloc           20%        N/A       21%         4
 Kiss of Death            Conj/Necr      0%         2d5       32%         1
 Magic Dart               Conj           0%         1d3       32%         1
 Shock                    Conj/Air       0%         1d3       32%         1
 Cigotuvi's Dreadful Rot  Necr/Alch/Air  0%         N/A       43%         2
 Jinxbite                 Hex            0%         N/A       43%         2
 Mercury Vapours          Alch/Air       0%         N/A       43%         2
 Searing Ray              Conj           0%         2d4       43%         2
 Sublimation of Blood     Necr           0%         N/A       43%         2
 Confusing Touch          Hex            0%         N/A       67%         3
 Frozen Ramparts          Ice            0%         1d1       67%         3
 Mephitic Cloud           Conj/Alch/Air  0%         N/A       67%         3
 Stone Arrow              Conj/Erth      0%         3d7       67%         3
 Swiftness                Air            0%         N/A       67%         3
 Airstrike                Air            0%         2d(0-16)  97%         4
 Brom's Barrelling Bould  Conj/Erth      0%         2d3       97%         4
 Dispel Undead            Necr           0%         3d6       97%         4
 Fulminant Prism          Conj/Alch      0%         3d5       97%         4
 Ignite Poison            Fire/Alch      0%         N/A       97%         4
 Leda's Liquefaction      Alch/Erth      0%         N/A       97%         4
 Petrify                  Alch/Erth      0%         N/A       97%         4
 Sticky Flame             Fire/Alch      0%         2d4       97%         4
 Alistair's Intoxication  Alch           0%         N/A       100%        5
 Fireball                 Conj/Fire      0%         3d3       100%        5
 Freezing Cloud           Conj/Ice/Air   0%         6-21      100%        5
 Irradiate                Conj/Alch      0%         3d11      100%        5
 Iskenderun's Battlesphe  Conj           0%         2d6       100%        5
 Lee's Rapid Deconstruct  Erth           0%         3d4*      100%        5
 Metabolic Englaciation   Hex/Ice        0%         N/A       100%        5
 Silence                  Hex/Air        0%         N/A       100%        5
 Bombard                  Conj/Erth      0%         9d1       100%        6
 Conjure Ball Lightning   Conj/Air       0%         3x3d6     100%        6
 Orb of Destruction       Conj           0%         9d5       100%        7
 Ozocubu's Refrigeration  Ice            0%         4d7       100%        7
 Ignition                 Fire           0%         3d3       100%        8
 Lehudib's Crystal Spear  Conj/Erth      0%         10d2      100%        8
 Polar Vortex             Ice            0%         N/A       100%        9
 Call Imp                 Summ           Unusable   N/A       N/A         2
 Animate Armour           Summ/Erth      Unusable   N/A       N/A         4
 Martyr's Knell           Necr/Summ      Unusable   N/A       N/A         4
 Death Channel            Necr           Unusable   N/A       N/A         6
 Sculpt Simulacrum        Ice/Alch       Unusable   N/A       N/A         6

Dungeon Overview and Level Annotations

Branches:
Dungeon (15/15)            Temple (1/1) D:7            Lair (5/5) D:10
 Shoals (0/4) Lair:2        Snake (4/4) Lair:2        Slime (0/5) Lair:5
    Orc (2/2) D:10            Elf (0/3) Orc:2        Vaults (0/5) D:13
 Depths (0/4) D:15          IceCv (visited)

Altars:
Ashenzari
Cheibriados
Dithmenos
Elyvilon
Fedhas
Gozag
Hepliaklqana
Kikubaaqudgha
Makhleb
Nemelex Xobeh
Okawaru
Qazlal
Ru
Sif Muna
Trog
Uskayaw
Vehumet
Wu Jian
Xom
Yredelemnul
Zin
The Shining One
Beogh
Jiyva

Shops:
D:5 ?=(:(   Orc:1 *   Orc:2 **:[:   Snake:1 ==:

Annotations:
D:9 1 transporter


Innate Abilities, Weirdness & Mutations

You are amphibious.
You cover ground slowly.
You can hop long distances.
You have an extended range of vision and can be seen from far away.


Message History

The splash of poison hits you.
You are more poisoned.
You resist.
The naga warrior hits you with a +0 trident!!
The naga warrior misses you.
The guardian serpent casts a spell at you.
The naga warrior barely misses you. The naga warrior grabs you.
You stop ascending the stairs.
The naga warrior constricts you.
The salamander hits you with a +0 halberd of protection.
You are engulfed in flames.
You resist. The salamander barely misses you.
The naga warrior's grasp on you weakens, but your attempt to escape fails.
You feel very sick.
The naga warrior no longer looks unusually strong.
You are more poisoned.
The naga ritualist no longer looks unusually strong.
You are more poisoned.
The naga ritualist's toxic aura wanes.
The naga warrior roars a battlecry!
The nagas go into a battle-frenzy!
The naga warrior spits poison at you. The splash of poison misses you.
The splash of poison hits the naga warrior.
The naga warrior spits poison at you.
The splash of poison hits you but does no damage.
You resist. The naga spits poison at you. The splash of poison hits you.
You resist. The naga warrior spits poison at you.
The splash of poison misses you. The naga warrior constricts you.
The naga ritualist utters an invocation to its god.
The naga ritualist begins to radiate toxic energy.
You are more poisoned.
The salamander hits you with a +0 halberd of protection!!
You are engulfed in flames.
You resist.
The salamander hits you from afar with a +0 trident!
You are engulfed in flames!
You resist.
The naga warrior hits you with a +3 glaive!
* * * LOW HITPOINT WARNING * * *
The naga warrior hits you with a +0 trident!!!
You die...

!..N.#
###....N.#
.#.N......#
#.)S......N#
#..ยง......... #
###...)# #.
.....##
#..#NNN..##
#.N@N....#
#..NNN.....#
#............#
.........###..##
.......#### ...
..##### .. .
..#. ....# ...#


You could see 4 naga warriors, 2 salamanders, a naga ritualist (strong, toxic
aura, drained), a guardian serpent and 2 nagas.

Vanquished Creatures
  Jorgrun (Orc:2)
  Agnes (D:15)
  Kirke (D:14)
  Gastronok (Lair:2)
  Aizul (Snake:1)
  A nagaraja (Snake:3)
  An ironbound preserver (D:13)
  2 orc warlords (D:10)
  A stone giant (Orc:2)
  Azrael (D:12)
  Josephine (D:14)
  8 hydras
  A rakshasa (D:15)
  A salamander tyrant (Snake:2)
  Fannar (Lair:1)
  Erolcha (D:10)
  3 anacondas
  Erica (D:10)
  6 boulder beetles
  5 centaur warriors
  A sphinx skeleton (D:15)
  5 two-headed ogres
  3 tengu warriors
  A shock serpent (Snake:1)
  6 death yaks
  6 naga warriors
  4 naga sharpshooters
  A storm dragon zombie (D:15)
  2 salamander mystics
  2 skeletal warriors (D:15)
  An arcanist (D:14)
  A flayed ghost (D:15)
  3 naga ritualists
  An orange crystal statue (Lair:1)
  3 deep elf pyromancers
  2 mana vipers (Snake:3)
  A lindwurm (Lair:3)
  6 orc knights
  3 orc sorcerers
  A necromancer (D:15)
  An oklob plant (Lair:4)
  9 salamanders
  Maurice (D:10)
  A manticore (D:14)
  12 ugly things
  9 cyclopes
  16 elephants
  27 black mambas
  A black mamba (shapeshifter) (D:14)
  3 ice statues (IceCv)
  4 guardian serpents
  2 naga magi (Snake:3)
  8 cane toads
  2 gargoyles
  3 torpor snails
  4 unseen horrors
  A kobold demonologist (D:12)
  3 rime drakes
  A yaktaur (shapeshifter) (D:14)
  4 tengu conjurers
  Psyche (D:10)
  2 efreet
  12 komodo dragons
  A freezing wraith (IceCv)
  5 trolls
  5 hornets (Lair:5)
  Grinder (D:3)
  9 saltlings (Orc:2)
  3 polar bears
  15 blink frogs
  7 dream sheep
  A centaur simulacrum (D:15)
  A dire elephant simulacrum (IceCv)
  A spriggan skeleton (D:15)
  2 shadows
  14 spriggans (Lair:5)
  5 wraiths
  59 yaks
  A vampire (D:11)
  A yak (shapeshifter) (D:15)
  2 wyverns
  9 basilisks
  2 humans (D:14)
  2 fire elementals (D:12)
  6 wargs
  5 hogs
  11 vampire mosquitoes
  Menkaure (D:5)
  A death yak simulacrum (IceCv)
  2 acid dragons
  4 hell hounds (D:12)
  13 nagas
  A hydra simulacrum (IceCv)
  9 water moccasins
  23 orc warriors
  A sky beast (D:7)
  6 black bears
  6 laughing skulls
  6 ogres
  33 wolves
  3 boggarts (Lair:5)
  16 centaurs
  A phantom (D:5)
  4 kobold brigands
  15 bullfrogs
  A gnoll sergeant (D:9)
  2 scorpions (D:5)
  A scorpion (shapeshifter) (D:14)
  A cane toad simulacrum (IceCv)
  3 wights (D:9)
  A hornet simulacrum (D:15)
  6 killer bees
  5 howler monkeys
  3 electric eels
  7 hounds
  A bombardier beetle (D:3)
  7 jellies
  17 orc priests
  6 iguanas
  Ijyb (D:3)
  22 orc wizards
  4 hell rats
  2 polar bear simulacra (IceCv)
  A wolf simulacrum (IceCv)
  Robin (D:2)
  17 gnolls
  4 adders
  A shadow imp (D:6)
  3 white imps
  2 ufetubi (D:7)
  3 dart slugs
  2 ribbon worms (D:2)
  74 orcs
  8 endoplasms
  2 giant cockroaches
  11 goblins
  10 hobgoblins
  2 jackals (D:5)
  8 quokkas
  12 ball pythons
  6 bats
  2 frilled lizards (D:1)
  29 kobolds
  4 rats
  A butterfly (Lair:2)
825 creatures vanquished.

Vanquished Creatures (collateral kills)
  A kobold brigand (D:4)
  A bombardier beetle (D:4)
2 creatures vanquished.

Vanquished Creatures (others)
  A swamp drake (D:10)
  A sky beast (D:7)
  A scorpion (D:4)
3 creatures vanquished.

Grand Total: 830 creatures vanquished

Notes
Turn   | Place    | Note
-------+----------+-------------------------------------------
     0 | D:1      | Mesmaeker13 the Barachi Hunter began the quest for the Orb.
     0 | D:1      | Reached XP level 1. HP: 17/17 MP: 1/1
   248 | D:1      | Reached XP level 2. HP: 23/23 MP: 2/2
   291 | D:1      | Found a faded altar of an unknown god.
   444 | D:1      | Reached skill level 3 in Fighting
   584 | D:1      | Reached XP level 3. HP: 29/29 MP: 3/3
  1408 | D:2      | Noticed Robin
  1412 | D:2      | Reached XP level 4. HP: 35/35 MP: 4/4
  1462 | D:2      | Killed Robin
  1926 | D:3      | Found a sparkling altar of Nemelex Xobeh.
  2060 | D:3      | Reached skill level 4 in Fighting
  2085 | D:3      | Reached XP level 5. HP: 42/42 MP: 5/5
  2230 | D:3      | Found a glowing silver altar of Zin.
  2239 | D:3      | Noticed Ijyb
  2318 | D:3      | Killed Ijyb
  2568 | D:3      | Found a hazy altar of Hepliaklqana.
  2637 | D:3      | Noticed Grinder
  2654 | D:3      | Killed Grinder
  2655 | D:3      | Reached skill level 5 in Fighting
  2655 | D:3      | Reached skill level 5 in Ranged Weapons
  2655 | D:3      | Reached XP level 6. HP: 39/51 MP: 6/6
  3063 | D:4      | Reached XP level 7. HP: 56/56 MP: 7/7
  3073 | D:4      | Reached skill level 5 in Dodging
  3414 | D:4      | Identified the +5 ring mail of Elitism {rN++ Will- rCorr
                  | Int+2}
  3590 | D:5      | Entered Level 5 of the Dungeon
  3606 | D:5      | Found Ekhoryem's Weapon Emporium.
  3638 | D:5      | Reached skill level 6 in Fighting
  3681 | D:5      | Found Zugax's Antique Weapon Shop.
  3798 | D:5      | Found a hide-covered altar of Uskayaw.
  3799 | D:5      | Bought a glowing orcbow for 175 gold pieces
  3817 | D:5      | Noticed Menkaure
  3823 | D:5      | Killed Menkaure
  3824 | D:5      | Reached XP level 8. HP: 40/65 MP: 8/8
  3861 | D:5      | Reached skill level 7 in Fighting
  3861 | D:5      | Reached skill level 1 in Armour
  3921 | D:5      | Found Fubocw's Book Shoppe.
  3980 | D:5      | Found Senosig's Jewellery Emporium.
  4077 | D:5      | Found a stormy altar of Qazlal.
  4077 | D:5      | Found Aces's Magic Scroll Boutique.
  4079 | D:5      | Found a burning altar of Makhleb.
  4079 | D:5      | Found an opulent altar of Gozag.
  4080 | D:5      | Found a basalt altar of Yredelemnul.
  4088 | D:5      | Bought a scroll of identify for 26 gold pieces
  4653 | D:6      | Found a radiant altar of Vehumet.
  4825 | D:6      | Reached skill level 8 in Fighting
  5223 | D:7      | Reached XP level 9. HP: 74/74 MP: 9/9
  5375 | D:7      | Found an ornate altar of the Wu Jian Council.
  5481 | D:7      | Found a staircase to the Ecumenical Temple.
  5544 | D:7      | Reached skill level 5 in Armour
  5639 | Temple   | Entered the Ecumenical Temple
  5737 | D:7      | Reached skill level 9 in Fighting
  6053 | D:8      | Found a shimmering altar of Xom.
  6059 | D:8      | Noticed a two-headed ogre
  6285 | D:8      | Killed a two-headed ogre
  6286 | D:8      | Reached skill level 10 in Fighting
  6286 | D:8      | Reached XP level 10. HP: 85/85 MP: 10/10
  6312 | D:8      | Found a sacrificial altar of Ru.
  6601 | D:9      | Found a transporter.
  6761 | D:9      | Found an iron altar of Okawaru.
  6783 | D:9      | Became a worshipper of Warmaster Okawaru
  7086 | D:9      | Noticed a two-headed ogre
  7103 | D:9      | Killed a two-headed ogre
  7103 | D:9      | Reached * piety under Okawaru
  7175 | D:9      | Found a glowing golden altar of the Shining One.
  7317 | D:10     | Entered Level 10 of the Dungeon
  7336 | D:10     | Noticed an unseen horror
  7341 | D:10     | Killed an unseen horror
  7345 | D:10     | Noticed Psyche
  7348 | D:10     | Killed Psyche
  7349 | D:10     | Reached skill level 11 in Fighting
  7476 | D:10     | Found a staircase to the Orcish Mines.
  7528 | D:10     | Reached skill level 10 in Ranged Weapons
  7673 | D:10     | Reached ** piety under Okawaru
  7674 | D:10     | Reached skill level 1 in Invocations
  7684 | D:10     | Found a staircase to the Lair.
  7717 | D:10     | Noticed Erica
  7725 | D:10     | Killed Erica
  7726 | D:10     | Reached XP level 11. HP: 95/95 MP: 12/12
  7727 | D:10     | Reached *** piety under Okawaru
  7842 | D:10     | Noticed Erolcha
  7943 | Lair:1   | Entered Level 1 of the Lair of Beasts
  8006 | Lair:1   | Reached skill level 12 in Fighting
  8036 | Lair:1   | Noticed Fannar
  8144 | Lair:1   | Killed Fannar
  8145 | Lair:1   | Reached skill level 1 in Long Blades
  8195 | Lair:1   | Reached **** piety under Okawaru
  8271 | Lair:1   | Reached skill level 10 in Armour
  8360 | Lair:1   | Identified the +2 pair of boots of Chimes {+Inv}
  8515 | Lair:1   | Reached ***** piety under Okawaru
  8720 | Lair:1   | Reached XP level 12. HP: 82/103 MP: 15/15
  9218 | Lair:2   | Noticed Gastronok
  9244 | Lair:2   | Killed Gastronok
  9280 | Lair:2   | Noticed a four-headed hydra
  9325 | Lair:2   | Noticed a death yak
  9327 | Lair:2   | Noticed a death yak
  9420 | Lair:2   | Found a staircase to the Snake Pit.
  9430 | Lair:2   | Found a frozen archway.
  9451 | Lair:2   | Reached skill level 13 in Fighting
  9451 | Lair:2   | Reached skill level 5 in Invocations
  9461 | IceCv    | Entered an ice cave
  9523 | IceCv    | Reached skill level 5 in Long Blades
  9825 | IceCv    | Received a gift from Okawaru
 10118 | Lair:2   | Noticed a six-headed hydra
 10126 | Lair:2   | Killed a six-headed hydra
 10227 | Lair:2   | Found a staircase to the Shoals.
 10354 | Lair:2   | Killed a four-headed hydra
 10372 | Lair:2   | Killed a death yak
 10387 | Lair:2   | Killed a death yak
 10387 | Lair:2   | Received a gift from Okawaru
 10729 | Lair:3   | Gained mutation: You can hop long distances. [Barachi
                  | growth]
 10729 | Lair:3   | Reached XP level 13. HP: 112/112 MP: 17/17
 11186 | Lair:3   | Reached ****** piety under Okawaru
 11188 | Lair:3   | Acquired the +8 arbalest of Regicide {drain, rElec Str-2
                  | Dex+3 Stlth+}
 11188 | Lair:3   | Received a gift from Okawaru
 11339 | Lair:4   | Found a glowing golden altar of the Shining One.
 11730 | Lair:4   | Received a gift from Okawaru
 11739 | Lair:3   | Reached skill level 14 in Fighting
 13309 | D:12     | Noticed Azrael
 13342 | D:12     | Killed Azrael
 13342 | D:12     | Received a gift from Okawaru
 13791 | Orc:1    | Entered Level 1 of the Orcish Mines
 13813 | Orc:1    | Noticed an orc warlord
 14415 | Lair:4   | Acquired the +2 helmet of the Wumpus {Int+3}
 14415 | Lair:4   | Received a gift from Okawaru
 14799 | Lair:4   | Reached XP level 14. HP: 110/121 MP: 19/19
 14822 | Lair:5   | Entered Level 5 of the Lair of Beasts
 15049 | Lair:3   | Received a gift from Okawaru
 15320 | Lair:4   | Reached skill level 15 in Fighting
 15614 | Lair:5   | Received a gift from Okawaru
 15745 | Lair:5   | Found a staircase to the Slime Pits.
 15746 | Lair:5   | Found a viscous altar of Jiyva.
 16024 | Lair:5   | Reached skill level 10 in Long Blades
 16242 | Lair:5   | Received a gift from Okawaru
 16421 | Lair:5   | Identified the +1 orcbow of Did Duov {flame, Str+3 Int+3
                  | Dex+3}
 16495 | Lair:5   | Paralysed by a hornet for 3 turns
 16519 | Lair:5   | Identified the staff of Ygox {*Corrode rF- rN+ Dex+8 Necro}
 16821 | Lair:5   | Found a basalt altar of Yredelemnul.
 16931 | Lair:5   | Upgraded the game from 0.32-a0-665-g3d30ec2550 to
                  | 0.32-a0-673-g3729bd50f8
 17238 | D:10     | Killed Erolcha
 17350 | D:10     | Noticed Maurice
 17365 | D:10     | Killed Maurice
 17520 | D:10     | Reached XP level 15. HP: 130/130 MP: 21/21
 17679 | D:10     | Found a shimmering blue altar of Sif Muna.
 17870 | D:5      | Bought a scroll of identify for 26 gold pieces
 17870 | D:5      | Bought a scroll of identify for 26 gold pieces
 17870 | D:5      | Bought a scroll of identify for 26 gold pieces
 18116 | D:10     | Killed an orc warlord
 18158 | Orc:1    | Noticed an orc warlord
 18301 | D:10     | Killed an orc warlord
 18380 | Orc:1    | Found a roughly hewn altar of Beogh.
 18503 | Orc:2    | Entered Level 2 of the Orcish Mines
 18549 | Orc:1    | Found Biasch's Mayhem Merchandise.
 18696 | Orc:2    | Reached skill level 16 in Fighting
 18731 | Orc:2    | Noticed Jorgrun
 18988 | Orc:2    | Found Luinyoptu's Assorted Antiques.
 18998 | Orc:2    | Bought a scroll of blinking for 187 gold pieces
 19255 | Orc:2    | Killed Jorgrun
 19255 | Orc:2    | Received a gift from Okawaru
 19584 | Orc:2    | Found a staircase to the Elven Halls.
 19797 | Orc:2    | Found Mulyabb's Assorted Antiques.
 19814 | Orc:2    | Found Hyferul's Antique Armour Shop.
 19815 | Orc:2    | Found a roughly hewn altar of Beogh.
 19816 | Orc:2    | Found Piffuiz's Book Shop.
 19849 | Orc:2    | Found Xeasuimo's Book Boutique.
 20354 | D:13     | Learned a level 2 spell: Blink
 20588 | D:13     | Reached skill level 1 in Translocations
 20837 | D:13     | Received a gift from Okawaru
 20898 | D:13     | Reached skill level 1 in Evocations
 20981 | D:13     | Reached skill level 15 in Armour
 21006 | D:13     | Found a gate to the Vaults.
 21206 | D:14     | Noticed Kirke
 21325 | D:14     | Noticed Josephine
 21340 | D:14     | Killed Josephine
 21391 | D:14     | Received a gift from Okawaru
 21530 | D:14     | Reached skill level 10 in Invocations
 21530 | D:14     | Reached XP level 16. HP: 139/139 MP: 23/23
 21661 | D:14     | Killed Kirke
 21905 | D:14     | Received a gift from Okawaru
 22006 | D:15     | Entered Level 15 of the Dungeon
 22021 | D:15     | Noticed Agnes
 22028 | D:15     | Killed Agnes
 22260 | D:15     | Found a staircase to the Depths.
 22352 | D:15     | Found a burning altar of Makhleb.
 22794 | D:15     | Received a gift from Okawaru
 23039 | Snake:1  | Entered Level 1 of the Snake Pit
 23284 | Lair:2   | Upgraded the game from 0.32-a0-673-g3729bd50f8 to
                  | 0.32-a0-675-gdc239d62e1
 23533 | Arena    | Entered the Arena
 23738 | Snake:1  | Reached skill level 5 in Translocations
 24028 | Snake:1  | Found Tuuzuod's Jewellery Boutique.
 24030 | Snake:1  | Found Judoprar's Book Shoppe.
 24031 | Snake:1  | Found Yzxetong's Jewellery Boutique.
 24116 | Snake:1  | Identified the serpent talisman of Ocurchin {rC- Dex+8
                  | Stlth-}
 24116 | Snake:1  | Noticed Aizul
 24170 | Snake:1  | Killed Aizul
 24320 | Snake:1  | Reached skill level 5 in Evocations
 24365 | Snake:1  | Reached skill level 15 in Ranged Weapons
 25923 | Snake:3  | Received a gift from Okawaru
 26090 | Snake:3  | Reached XP level 17. HP: 100/146 MP: 19/25
 27088 | Snake:4  | Entered Level 4 of the Snake Pit
 27235 | Snake:4  | Slain by a naga warrior

Illustrated notes

Levels and vault maps discovered:
D:1:      saegor_arrival_fortress, layout_rooms, ebering_ecumenical_altar_box,
          kennysheep_small_spiral, serial_bayou_lake_a
D:2:      layout_basic, uniq_robin
D:3:      layout_basic, mainiacjoe_overflow_tiny_flanked,
          mainiacjoe_overflow_large_starburst, minmay_misc_feat_four_crosses,
          uniq_ijyb, uniq_grinder
D:4:      layout_cave_pools, kennysheep_crisscross, minmay_cupped
D:5:      layout_basic, chequers_temple_overflow_statue_of_worship,
          nicolae_uskayaw_dance_hall, serial_shops, nicolae_shop_dealshenge,
          nicolae_shop_tiny_statue_garden, nicolae_shop_peninsula, shop,
          nicolae_shop_tiny_real_fake_doors, uniq_menkaure
D:6:      layout_basic, mainiacjoe_overflow_concentric_impassable, minivault_24
D:7:      layout_loops_cross, nicolae_wu_jian_immortal_techniques,
          minmay_temple_entry_glass
D:8:      layout_gridville, nicolae_ru_the_path_less_chosen, dk_xom_monty_hall
D:9:      layout_loops_ring, lemuel_crystal_altar, nicolae_tso_carved_into_rock,
          nicolae_diode_basic
D:10:     layout_loops_ring, kennysheep_orc_sif_temple, erik_lair_island,
          erik_orc_1, uniq_maurice, uniq_erica, uniq_erolcha, uniq_psyche
D:11:     layout_loops_corners, chequers_serial_rivers_small_3
D:12:     layout_stronghold, serial_glass, glass_columns_c, glass_columns_b,
          glass_columns_b, glass_columns_a, glass_columns_c, glass_columns_a,
          uniq_azrael
D:13:     layout_loops_cross, skrybe_vaults_entry_preservation
D:14:     layout_basic, lightli_fourway_metalbox, uniq_josephine, uniq_kirke
D:15:     gammafunk_depths_entry_grave, layout_rooms, serial_glass,
          glass_columns_b, glass_columns_b, makhleb_altar_promises_db,
          uniq_agnes
Temple:   nicolae_temple_great_sept
Lair:1:   statuecave_lemuel, layout_chaotic_city, infiniplex_staircase_pool_2,
          uniq_fannar
Lair:2:   layout_chaotic_city, elwin_shoals_entry_rooms,
          guppyfry_snake_entry_island, portal_ice_cave_entry_pillars_1,
          lemuel_fruit_fields, uniq_gastronok
Lair:3:   layout_hall_layers, beast_lair_carwin_11
Lair:4:   layout_long_grid, nicolae_quartered_pool_super, lemuel_oklob_altar,
          infiniplex_staircase_pool, lemuel_fruit_tree
Lair:5:   minmay_lair_end_enchanted_forest, layout_cave_pods,
          nicolae_slime_entry_slimehenge, basic_altar, pond
Snake:1:  layout_rooms, minmay_shop_grove, uniq_aizul
Snake:2:  layout_chambers, nrook_guardian_serpent_double, serial_bayou_shore_b
Snake:3:  layout_cave_town, grunt_megastairs_1, nicolae_triple_integral
Snake:4:  grunt_snake_rune_pools, layout_onion
Orc:1:    layout_caves, basic_altar, minmay_shop_mayhem, abandoned_shop
Orc:2:    hellmonk_orc_salted, layout_caves, serial_shops, shop, uniq_jorgrun

Skill      XL: |  1  2  3  4  5  6  7  8  9 10 11 12 13 14 15 16 |
---------------+-------------------------------------------------+-----
Fighting       | 3 4 5 6 8 10 11 12 13 14 15 16 | 16.7
Dodging        | 3 4 6 |  6.1
Ranged Weapons | 5 6 7 9 10 11 12 13 14 15 | 15.4
Armour         | 4 6 9 10 11 13 14 15 | 15.3
Invocations    | 2 4 6 7 8 10 11 | 11.2
Long Blades    | 3 6 8 10 12 13 | 13.7
Translocations | 2 6 |  6.8
Evocations     | 2 6 |  6.7
Stealth        | |  0.8

Action                     |  1- 3 |  4- 6 |  7- 9 | 10-12 | 13-15 | 16-18 || total
---------------------------+-------+-------+-------+-------+-------+-------++-------
  Melee: Quarterstaff      |    13 |    13 |     3 |       |       |       ||    29
         Shortbow          |       |     4 |       |       |       |       ||     4
         Orcbow            |       |       |       |     1 |       |       ||     1
         Scimitar          |       |       |       |    11 |       |       ||    11
         Great sword       |       |       |       |       |    11 |    61 ||    72
   Fire: Shortbow          |    76 |   104 |   111 |       |       |       ||   291
         Orcbow            |       |       |   193 |   847 |    58 |       ||  1098
         Arbalest          |       |       |       |       |  1074 |   519 ||  1593
  Throw: Dart              |     5 |       |       |       |       |       ||     5
         Throwing net      |       |       |       |       |     4 |       ||     4
 Invoke: Heroism           |       |       |       |     4 |     2 |       ||     6
         Finesse           |       |       |       |     1 |     9 |     4 ||    14
         Receive Weapon    |       |       |       |       |     1 |       ||     1
         Receive Armour    |       |       |       |       |     1 |       ||     1
         Duel              |       |       |       |       |       |     1 ||     1
Ability: Hop               |     2 |     5 |     5 |    11 |    18 |     7 ||    48
  Evoke: Wand              |       |    27 |       |       |     6 |     6 ||    39
    Use: Scroll            |       |     6 |     1 |     4 |    16 |     5 ||    32
         Potion            |       |       |     1 |     1 |     3 |     2 ||     7
   Stab: Invisible         |       |       |       |       |       |     1 ||     1
 Armour: Leather armour    |    30 |    56 |    45 |   181 |   533 |   229 ||  1074
  Dodge: Dodged            |    17 |    33 |   100 |   213 |   558 |   306 ||  1227

Table legend: (Time is in decaauts)
 A = Elapsed time spent in this place.
 B = Non-inter-level travel time spent in this place.
 C = Inter-level travel time spent in this place.
 D = Time resting spent in this place.
 E = Time spent auto-exploring this place.
 F = Levels seen in this place.
 G = Mean time per level.
                   A        B        C        D        E       F      G
               +--------+--------+--------+--------+--------+-----+--------+
         Total |  31534 |  27906 |   3628 |   3379 |  15711 |  29 | 1087.4 |
       Dungeon |  16505 |  14570 |   1935 |    965 |   9861 |  15 | 1100.3 |
        Temple |      1 |      1 |      0 |      0 |      0 |   1 |    1.0 |
          Lair |   7988 |   6647 |   1341 |    975 |   3400 |   5 | 1597.6 |
     Snake Pit |   4281 |   4011 |    270 |    892 |   1485 |   4 | 1070.2 |
  Orcish Mines |   2172 |   2092 |     80 |    397 |    964 |   2 | 1086.0 |
      Ice Cave |    556 |    556 |      0 |    130 |      0 |   1 |  556.0 |
         Arena |     29 |     29 |      0 |     18 |      0 |   1 |   29.0 |
               +--------+--------+--------+--------+--------+-----+--------+

Top non-repeatable levels by time:
    D:10: 2103 daAuts
  Lair:1: 1856 daAuts
  Lair:5: 1794 daAuts
 Snake:3: 1722 daAuts
  Lair:3: 1584 daAuts
  Lair:4: 1429 daAuts
   Orc:2: 1417 daAuts
     D:3: 1351 daAuts
    D:12: 1344 daAuts
     D:2: 1338 daAuts
  Lair:2: 1324 daAuts
 Snake:2: 1317 daAuts
 Snake:1: 1203 daAuts
    D:13: 1189 daAuts
    D:14: 1123 daAuts
